 Dungeon Crawl Stone Soup version 0.18-a0-1078-gebb93d0 (webtiles) character file.

252292 namelastname112 the Black Belt (level 18, 0/205 HPs)
             Began as a Pale Draconian Wizard on Jan 14, 2016.
             Was the Champion of Ru.
             Slain by a vault warden
             ... wielding a +1 war axe of chopping
              (34 damage)
             ... on level 1 of the Vaults.
             The game lasted 02:33:03 (53030 turns).

namelastname112 the Black Belt (DrWz)              Turns: 53030, Time: 02:33:03

Health: 0/205      AC: 22    Str: 13    XL:     18   Next: 96%
Magic:  27/27      EV: 25    Int: 16    God:    Ru [******]
Gold:   2551       SH:  8    Dex: 17    Spells: 7 memorised, 17 levels left

rFire  + . .     SeeInvis .       - Unarmed
rCold  . . .     Gourm    +     (armour unavailable)
rNeg   + . .     Faith    .     m - +1 buckler {rF+}
rPois  ∞         Spirit   .     b - +1 hat
rElec  +         Dismiss  .     x - +2 cloak {+Inv}
rCorr  .         Reflect  .     (gloves currently unavailable)
SustAt .         Harm     .     (boots currently unavailable)
MR     +....     Clarity  +     e - amulet of the gourmand
Stlth  ..........               G - +6 ring of slaying
                                R - ring of Shaolin {EV+8}

@: exhausted, statue-form, regenerating (expiring), drained, very slow, somewhat
resistant to hostile enchantments, extremely unstealthy
A: (breathe steam), unfitting armour, fangs 1, agile 1, clarity, dopey 1, low mp
2, slow regeneration 1, cold-blooded, no stealth, hated by all, reduced AC 1,
reduced EV 1, inexperienced 1, AC +10
a: End Transformation, Draw Out Power, Power Leap, Apocalypse, Renounce
Religion, Evoke Invisibility
}: 2/15 runes: barnacled, gossamer


You were on level 1 of the Vaults.
You worshipped Ru.
Ru was exalted by your worship.
You were full.
You were a stone statue.
You visited 7 branches of the dungeon, and saw 35 of its levels.
You also visited: Labyrinth, Sewer, Bailey and Ice Cave.

You collected 4183 gold pieces.
You spent 1632 gold pieces at shops.

Inventory:

Armour
 b - a +1 hat (worn)
 m - a +1 buckler of fire resistance (worn)
 x - a +2 cloak of invisibility (worn)
 N - a +0 pair of boots (melded)
 P - a +1 pair of gloves of archery (melded)
Jewellery
 e - an amulet of the gourmand (around neck)
 D - an uncursed ring of protection from magic
 G - a +6 ring of slaying (right hand)
 R - the ring of Shaolin (left hand) {EV+8}
   (You found it on level 9 of the Dungeon)

   [ring of evasion]

   It affects your evasion (+8).
 V - the ring of the Tortoise {rF+ MP+9 Int+4}
   (You took it off a merfolk impaler on level 3 of the Shoals)

   [ring of protection from fire]

   It affects your intelligence (+4).
   It protects you from fire.
   It affects your magic capacity (+9).
 Z - the ring of Sarifup {Wiz rC+ MP+9 Str-5}
   (You found it on level 1 of the Shoals)

   [ring of wizardry]

   It improves your spell success rate.
   It affects your strength (-5).
   It protects you from cold.
   It affects your magic capacity (+9).
Wands
 j - a wand of teleportation (3/9)
 k - a wand of fireball (4/15)
 q - a wand of digging (16/24)
 I - a wand of fire (3/15)
 T - a wand of lightning (7/15)
 U - a wand of digging (7/24)
Scrolls
 p - 13 scrolls of remove curse
 t - 5 scrolls of recharging
 z - 4 scrolls of blinking
 C - 11 scrolls of fog
 E - 7 scrolls of teleportation
 J - 6 scrolls of identify
 K - 2 scrolls of fear
Potions
 a - a potion of magic
 l - 7 potions of lignification
 n - 3 potions of resistance
 o - a potion of heal wounds
 s - 19 potions of curing
 u - 3 potions of agility
 w - 6 potions of flight
 B - 2 potions of brilliance
 M - 5 potions of might
 S - 4 potions of cancellation
 W - 5 potions of ambrosia
 X - 4 potions of haste
Comestibles
 c - 22 bread rations
 f - 3 slices of pizza
 g - 13 beef jerkies
 h - 37 fruits
 H - 13 meat rations


   Skills:
 + Level 13.5(12.2) Fighting
 - Level 12.6(11.3) Dodging
 - Level 11.1(9.9) Shields
 * Level 16.4(15.1) Unarmed Combat
 + Level 12.2(11.0) Spellcasting
 - Level 1.0(0.1) Conjurations
 - Level 6.1(5.1) Charms
   Level 1.0(0.1) Summonings
 - Level 1.0(0.1) Translocations
 + Level 12.6(11.3) Transmutations
 + Level 6.4(5.3) Air Magic
 - Level 11.5(10.3) Earth Magic


You had 17 spell levels left.
You knew the following spells:

 Your Spells              Type           Power        Failure   Level  Hunger
a - Regeneration          Chrm/Necr      ###.......   12%         3    None
b - Blink                 Tloc           N/A          14%         2    None
c - Apportation           Tloc           #.........   10%         1    None
d - Statue Form           Trmt/Erth      #####....    17%         6    ######.
e - Deflect Missiles      Chrm/Air       ####......   97%         6    ######.
f - Phase Shift           Tloc           #.........   99%         5    #####..
z - Magic Dart            Conj           #...         10%         1    None


Dungeon Overview and Level Annotations

Branches:
Dungeon (15/15)            Temple (1/1) D:4            Lair (8/8) D:9
 Shoals (4/4) Lair:6       Spider (4/4) Lair:3        Slime (0/6) Lair:7
    Orc (2/2) D:12            Elf (0/3) Orc:2        Vaults (1/5) D:13
 Depths (0/5) D:15

Altars:
Ashenzari
Cheibriados
Dithmenos
Elyvilon
Fedhas
Gozag
Kikubaaqudgha
Makhleb
Nemelex Xobeh
Okawaru
Pakellas
Qazlal
Ru
Sif Muna
Trog
Vehumet
Xom
Yredelemnul
Zin
The Shining One
Beogh

Shops:
D:4 [   D:5 %   D:6 *   D:9 (   D:11 (   D:12 }*   Orc:2 %!(?   Shoals:1 *
Shoals:2 =


Innate Abilities, Weirdness & Mutations

((You can breathe blasts of scalding, opaque steam.))
((Your pale cyan-grey scales are hard (AC +10).))
Your body does not fit into most forms of armour.
You are dopey. (Int -2)
Your magical capacity is very low (-20% MP).
You regenerate slowly when monsters are visible.
You are cold-blooded and may be slowed by cold attacks.
You cannot be stealthy.
You are hated by all.
You take slightly more damage. (-3 AC)
You have somewhat slow reflexes. (-3 EV)
You are somewhat inexperienced (-2 XL).
You have very sharp teeth.
You are agile. (Dex +2)
You possess an exceptional clarity of mind.


Message History

You focus your will and drain the vault warden's magic in retribution!
The great orb of eyes bites you but does no damage.
Your skin is crawling a little less now.
The vault warden begins to attack, but is stunned by your will!
The ironbrand convoker begins to cast a spell, but is stunned by your will!
You redirect the ironbrand convoker's attack!
The vault warden hits you with a bardiche!!!
* * * LOW HITPOINT WARNING * * *
You focus your will and drain the vault warden's magic in retribution!
The great orb of eyes begins to attack, but is stunned by your will!
The runic seal fades away.
The vault warden is no longer blind.
You redirect the vault warden's attack!
The vault warden hits itself with a war axe of chopping!!
The great orb of eyes gazes at you.
You feel momentarily confused.
You can move again.
You are restored by drawing out deep reserves of power within.
You feel drained.
The vault warden falters for a moment.
The vault warden hits you with a war axe of chopping!!
You die...

######### #.......# ###
#######(......# O.#
......#.......###pp##..#
......#.......+G8ppp....
#.....#.......##########
#.....'.......#
#.....######### #)....#
'))...# #)....# #.....#
......#


You could see 2 vault wardens, a vault guard, a great orb of eyes, 2 ironbrand
convokers and an ogre.

Vanquished Creatures
  Arachne (Spider:4)
  Rupert (Orc:2)
  Kirke (Spider:2)
  Ilsuiw (Shoals:3)
  2 frost giants
  Aizul (Vaults:1)
  2 vault wardens (Vaults:1)
  6 emperor scorpions
  2 ghost moths (Spider:4)
  An ironheart preserver (Vaults:1)
  A salamander stormcaller (D:15)
  2 spark wasps (Spider:3)
  The ghost of esc the Fighter, a journeyman HOFi of Okawaru (Lair:3)
  13 merfolk impalers
  7 merfolk javelineers
  A great orb of eyes (Vaults:1)
  8 vault guards (D:13)
  A minotaur (Lab)
  A fire dragon (D:13)
  A yaktaur captain (Vaults:1)
  A rakshasa (Vaults:1)
  2 entropy weavers
  8 hydras
  6 merfolk avatars
  6 centaur warriors
  An alligator snapping turtle (Shoals:3)
  The ghost of Erad1cat0r the Covert, a journeyman OpAr of Pakellas (D:11)
  2 catoblepae
  A merfolk aquamancer (Shoals:2)
  An ogre mage (D:15)
  The ghost of Erad1cat0r the Covert, a journeyman OpAr of Pakellas (D:10)
  2 satyrs
  2 tengu warriors (D:13)
  4 orc high priests (Orc:2)
  Sonja (Lair:4)
  A fire crab (Lair:3)
  A deep elf knight (Orc:2)
  6 skeletal warriors
  17 sea snakes
  4 unseen horrors
  A wizard (Vaults:1)
  A kraken simulacrum (Shoals:4)
  A deep elf mage (D:9)
  7 hill giants
  2 ironbrand convokers (Vaults:1)
  2 wolf spider zombies
  A lindwurm (Lair:5)
  10 orc knights
  15 harpies
  15 griffons
  Pikel (D:3)
  2 necromancers
  36 wolf spiders
  A salamander (Lair:2)
  7 orc sorcerers
  7 orb spiders
  11 cyclopes
  6 hornets
  19 manticores
  18 slime creatures
  10 fauns
  8 water nymphs
  14 ugly things
  A vault sentinel (Vaults:1)
  An elf zombie (D:15)
  2 moths of wrath
  7 elephants
  2 black mambas
  An ice statue (IceCv)
  35 spiny frogs
  4 molten gargoyles (D:15)
  2 centaur zombies
  5 sirens
  2 gargoyles
  A torpor snail (Spider:1)
  10 komodo dragons
  3 yaktaurs (Vaults:1)
  A fire drake (Lair:5)
  19 demonic crawlers
  2 tengu conjurers (D:15)
  A queen bee (shapeshifter) (D:15)
  2 jumping spiders (shapeshifter)
  44 merfolk
  A wind drake (Shoals:4)
  31 jumping spiders
  5 giant leeches (Lair:8)
  3 trolls
  22 blink frogs
  A freezing wraith (D:15)
  5 two-headed ogres
  Grinder (D:4)
  17 polar bears
  4 boulder beetles
  An ice dragon zombie (D:15)
  A boulder beetle (shapeshifter) (D:14)
  11 snapping turtles
  A deep troll zombie (D:15)
  A hornet zombie (D:15)
  A spriggan skeleton (D:15)
  A shadow (D:15)
  10 water elementals
  3 wyverns
  64 redbacks
  39 tarantellas
  2 wraiths
  Grum (D:10)
  36 yaks
  4 basilisks
  A hungry ghost (D:14)
  6 humans (Spider:2)
  16 vampire mosquitoes
  16 hippogriffs
  5 wargs
  Menkaure (D:5)
  2 mottled dragons
  A swamp worm (shapeshifter) (Vaults:1)
  Edmund (D:4)
  20 wolves
  2 soldier ants (D:13)
  8 water moccasins
  14 porcupines
  2 black bears
  7 sky beasts
  3 wasps
  41 orc warriors
  A phantom (D:13)
  3 slaves
  8 ice beasts
  A necrophage (D:8)
  An eye of draining (D:9)
  12 ogres
  14 centaurs
  16 crocodiles
  A big kobold (Sewer)
  Blork the orc (D:5)
  34 giant frogs
  6 scorpions
  6 killer bees (D:8)
  7 wights
  4 electric eels (Lair:8)
  5 crimson imps
  10 hounds
  20 orc priests
  A gnoll shaman (D:7)
  2 jellies
  3 centaur skeletons
  5 giant frog skeletons
  Crazy Yiuf (D:5)
  8 iguanas
  27 orc wizards
  8 worker ants
  22 sheep
  2 hound zombies
  A hound skeleton (D:5)
  2 worker ant zombies
  Robin (D:3)
  13 gnolls
  66 river rats
  8 adders
  2 shadow imps
  13 white imps
  5 oozes
  3 adder skeletons
  A worm (D:3)
  3 giant geckos
  114 orcs
  2 giant cockroaches
  19 goblins
  11 hobgoblins
  12 jackals
  4 quokkas
  4 ball pythons
  20 bats
  3 giant newts
  9 kobolds
  3 quokka skeletons
  15 rats
  A fire vortex (D:15)
  A fungus (Lair:1)
  19 plants
  A tentacle (Shoals:4)
1459 creatures vanquished.

Vanquished Creatures (others)
  A merfolk aquamancer (Shoals:4)
  A tengu warrior (D:15)
  A sea snake (Shoals:4)
  A flayed ghost (D:15)
  An orb spider (Spider:4)
  A wolf spider (Spider:3)
  A water nymph (Shoals:3)
  6 jumping spiders
  A merfolk (Shoals:3)
  3 redbacks
  A yak (Lair:4)
  A sky beast (D:15)
  An orc warrior (Orc:2)
  A centaur (D:14)
  An ogre (D:15)
  A giant frog (Lair:8)
  A lava snake (D:15)
  A hobgoblin (D:4)
  2 butterflies (Lair:7)
  35 fungi
  53 plants
  3 tentacles (Shoals:4)
  35 tentacle segments (Shoals:4)
153 creatures vanquished.

Grand Total: 1612 creatures vanquished

Notes
Turn   | Place    | Note
--------------------------------------------------------------
     0 | D:1      | namelastname112 the Draconian Wizard began the quest for the Orb.
     0 | D:1      | Reached XP level 1. HP: 14/14 MP: 4/4
   179 | D:1      | Reached skill level 1 in Unarmed Combat
   283 | D:1      | Reached XP level 2. HP: 20/20 MP: 6/6
   880 | D:2      | Found a glowing golden altar of the Shining One.
  1119 | D:2      | Found a shattered altar of Ashenzari.
  1171 | D:2      | Reached XP level 3. HP: 16/26 MP: 7/7
  1975 | D:3      | Found an opulent altar of Gozag.
  2107 | D:3      | Reached XP level 4. HP: 21/33 MP: 8/8
  2529 | D:4      | Noticed Robin
  2554 | D:3      | Killed Robin
  2554 | D:3      | Reached skill level 4 in Unarmed Combat
  2626 | D:4      | Noticed Edmund
  2684 | D:4      | Noticed Pikel
  2684 | D:4      | Noticed a slave
  2684 | D:4      | Noticed a slave
  2684 | D:4      | Noticed a slave
  2895 | D:4      | Noticed a slave
  2905 | D:3      | Killed a slave
  2921 | D:3      | Killed a slave
  2927 | D:3      | Killed Pikel
  2927 | D:3      | Reached skill level 7 in Unarmed Combat
  2927 | D:3      | Reached XP level 5. HP: 30/38 MP: 9/9
  2927 | D:3      | Reached XP level 6. HP: 35/45 MP: 10/10
  2927 | D:3      | Reached XP level 7. HP: 39/50 MP: 11/11
  2927 | D:3      | Your scales start taking on a pale cyan-grey colour.
  3204 | D:4      | Found a glowing silver altar of Zin.
  3359 | D:4      | Reached skill level 8 in Unarmed Combat
  3424 | D:4      | Killed Edmund
  3451 | D:4      | Found a staircase to the Ecumenical Temple.
  3462 | D:4      | Found Wuomup Mung's Armour Boutique.
  3470 | Temple   | Entered the Ecumenical Temple
  3707 | D:4      | Reached skill level 9 in Unarmed Combat
  3841 | D:4      | Noticed Grinder
  3848 | D:4      | Killed Grinder
  3848 | D:4      | Reached XP level 8. HP: 57/57 MP: 12/12
  3993 | D:5      | Entered Level 5 of the Dungeon
  4024 | D:5      | Reached skill level 10 in Unarmed Combat
  4054 | D:5      | Noticed Menkaure
  4057 | D:5      | Killed Menkaure
  4130 | D:5      | Found a glowing drain.
  4137 | Sewer    | Entered a sewer
  4297 | Sewer    | Found a white marble altar of Elyvilon.
  4609 | D:5      | Noticed Crazy Yiuf
  4628 | D:5      | Killed Crazy Yiuf
  4805 | D:5      | Noticed Blork the orc
  4813 | D:5      | Killed Blork the orc
  4901 | D:5      | Found Vapuiske's Food Boutique.
  4986 | D:5      | Reached skill level 11 in Unarmed Combat
  5557 | D:6      | Reached XP level 9. HP: 62/62 MP: 13/13
  5718 | D:6      | Found an oddly glowing altar of Pakellas.
  5753 | D:6      | Found a sparkling altar of Nemelex Xobeh.
  5754 | D:6      | Found a radiant altar of Vehumet.
  5825 | D:6      | Found Rageumoq's Assorted Antiques.
  5833 | D:6      | Bought a scroll labeled TISTRE EMPUEST for 24 gold pieces
  5833 | D:6      | Bought a yellow potion for 21 gold pieces
  5833 | D:6      | Bought 3 scrolls labeled ZUTUCH TOUHOE for 72 gold pieces
  5862 | D:6      | Reached skill level 12 in Unarmed Combat
  6082 | D:6      | Found a blossoming altar of Fedhas.
  6663 | D:7      | Reached skill level 1 in Fighting
  7733 | D:8      | Reached XP level 10. HP: 34/77 MP: 14/14
  7740 | D:8      | Reached skill level 13 in Unarmed Combat
  7747 | D:8      | Found a flagged portal.
  7772 | Bailey   | Entered a bailey
  7929 | Bailey   | Noticed an orc knight
  8096 | Bailey   | Killed an orc knight
  8523 | Bailey   | Reached skill level 5 in Fighting
  8985 | D:9      | Found a deep blue altar of Sif Muna.
  8988 | D:9      | Found a radiant altar of Vehumet.
  8989 | D:9      | Found a stormy altar of Qazlal.
  8989 | D:9      | Found a blossoming altar of Fedhas.
  8990 | D:9      | Found a shadowy altar of Dithmenos.
  9049 | D:9      | Reached skill level 5 in Dodging
  9286 | D:9      | Found a staircase to the Lair.
  9738 | D:9      | Found a blossoming altar of Fedhas.
  9802 | D:9      | Found Meuvoubi's Antique Weapon Shoppe.
  9831 | D:9      | Noticed a deep elf mage
  9840 | D:9      | Killed a deep elf mage
  9840 | D:9      | Reached XP level 11. HP: 91/91 MP: 15/15
 10061 | D:9      | Found a sacrificial altar of Ru.
 10069 | D:9      | Became a worshipper of Ru the Awakened
 10131 | D:10     | Entered Level 10 of the Dungeon
 10361 | D:10     | Noticed Grum
 10396 | D:10     | Killed Grum
 10679 | D:10     | Noticed Erad1cat0r's ghost (journeyman OpAr)
 10739 | D:10     | Killed Erad1cat0r's ghost
 10739 | D:10     | Reached skill level 14 in Unarmed Combat
 10972 | D:10     | Noticed a five-headed hydra
 11051 | D:10     | Killed a five-headed hydra
 11400 | Lair:1   | Entered Level 1 of the Lair of Beasts
 11936 | Lair:1   | Gained mutation: You are somewhat inexperienced (-2 XL). [Ru sacrifice]
 11936 | Lair:1   | Reached XP level 10. HP: 90/90 MP: 14/14
 11936 | Lair:1   | Reached XP level 9. HP: 82/82 MP: 13/13
 11936 | Lair:1   | Reached * piety under Ru
 12124 | Lair:1   | Reached XP level 10. HP: 89/91 MP: 14/14
 12165 | Lair:1   | You fall through a shaft!
 12176 | Lair:2   | Noticed a spiny frog
 12179 | Lair:2   | Killed a spiny frog
 12204 | Lair:2   | Noticed a salamander
 12233 | Lair:2   | Killed a salamander
 12764 | Lair:2   | Reached skill level 10 in Fighting
 12772 | Lair:2   | Noticed a spiny frog
 12780 | Lair:2   | Killed a spiny frog
 13466 | Lair:1   | Noticed a spiny frog
 13474 | Lair:1   | Killed a spiny frog
 13488 | Lair:1   | Gained mutation: Your magical capacity is low (-10% MP). [Ru sacrifice]
 13555 | Lair:1   | Reached XP level 11. HP: 85/101 MP: 13/13
 13895 | Lair:3   | Noticed a seven-headed hydra
 13927 | Lair:3   | Killed a seven-headed hydra
 13970 | Lair:3   | Noticed a fire crab
 14000 | Lair:3   | Killed a fire crab
 14284 | Lair:3   | Noticed esc's ghost (journeyman HOFi)
 14414 | Lair:3   | Killed esc's ghost
 14740 | Lair:3   | Reached skill level 10 in Dodging
 14960 | Lair:3   | Noticed a five-headed hydra
 14969 | Lair:3   | Killed a five-headed hydra
 15294 | Lair:3   | Noticed a wolf spider
 15306 | Lair:3   | Killed a wolf spider
 15314 | Lair:3   | Found a hole to the Spider Nest.
 15933 | Lair:4   | Noticed Sonja
 15965 | Lair:4   | Reached XP level 12. HP: 94/112 MP: 14/14
 15971 | Lair:4   | Killed Sonja
 16009 | Lair:4   | Gained mutation: Your magical capacity is very low (-20% MP). [Ru sacrifice]
 16009 | Lair:4   | Reached ** piety under Ru
 16263 | Lair:4   | Noticed a catoblepas
 16294 | Lair:4   | Killed a catoblepas
 16843 | Lair:5   | Noticed a five-headed hydra
 16855 | Lair:5   | Killed a five-headed hydra
 17172 | Lair:5   | Reached skill level 1 in Shields
 17753 | Lair:5   | Noticed a six-headed hydra
 17792 | Lair:5   | Killed a six-headed hydra
 18067 | Lair:6   | Found a labyrinth entrance.
 18076 | Lab      | Entered a labyrinth
 18106 | Lab      | Found an exit through the horrors of the Abyss.
 18247 | Lab      | Noticed a minotaur
 18266 | Lab      | Killed a minotaur
 18266 | Lab      | Reached skill level 5 in Shields
 18279 | Lab      | Got a jewelled hat
 18295 | Lab      | Identified the cursed -2 hat "Jipachau" {-Tele rF+ Regen+ Str+3} (You found it in a labyrinth)
 18822 | Lair:6   | Found a staircase to the Shoals.
 18831 | Lair:6   | Reached XP level 13. HP: 118/118 MP: 14/14
 18907 | Lair:6   | You fall through a shaft for 2 floors!
 18907 | Lair:8   | Entered Level 8 of the Lair of Beasts
 20226 | Lair:8   | Gained mutation: You are occasionally teleported next to monsters. [potion of mutation]
 20226 | Lair:8   | Gained mutation: Your body sometimes deteriorates upon taking damage. [potion of mutation]
 20226 | Lair:8   | Gained mutation: You tend to lose your temper in combat. [potion of mutation]
 20227 | Lair:8   | Gained mutation: You possess an exceptional clarity of mind. [potion of mutation]
 20227 | Lair:8   | Gained mutation: You are agile. (Dex +2) [potion of mutation]
 20227 | Lair:8   | Gained mutation: Scrolls take you a little longer to read. [potion of mutation]
 20228 | Lair:8   | Lost mutation: Scrolls take you a little longer to read. [potion of cure mutation]
 20228 | Lair:8   | Lost mutation: You tend to lose your temper in combat. [potion of cure mutation]
 20228 | Lair:8   | Lost mutation: You are occasionally teleported next to monsters. [potion of cure mutation]
 20228 | Lair:8   | Lost mutation: Your body sometimes deteriorates upon taking damage. [potion of cure mutation]
 20907 | Lair:7   | Reached skill level 10 in Shields
 21080 | Lair:7   | Found a staircase to the Slime Pits.
 21307 | Lair:7   | Reached XP level 14. HP: 80/126 MP: 14/14
 21884 | Lair:7   | Learned a level 3 spell: Regeneration
 21887 | Lair:7   | Learned a level 2 spell: Blink
 21892 | Lair:7   | Learned a level 1 spell: Apportation
 22625 | D:11     | Noticed Erad1cat0r's ghost (journeyman OpAr)
 22636 | D:11     | Killed Erad1cat0r's ghost
 22767 | D:11     | Found Wyut's Weapon Shop.
 23544 | D:12     | Found a staircase to the Orcish Mines.
 23717 | D:12     | Reached skill level 1 in Charms
 23773 | D:12     | Gained mutation: You regenerate slowly when monsters are visible. [Ru sacrifice]
 23773 | D:12     | Reached *** piety under Ru
 23779 | D:12     | Found Tajenin's Tempting Trifles.
 23789 | D:12     | Bought a book of Transfigurations for 990 gold pieces
 23796 | D:12     | Learned a level 6 spell: Statue Form
 24052 | D:12     | Reached skill level 1 in Transmutations
 24063 | D:12     | Reached skill level 1 in Earth Magic
 24130 | D:12     | Found Vori's Gadget Boutique.
 24348 | Orc:1    | Entered Level 1 of the Orcish Mines
 24716 | Orc:1    | Paralysed by an orc sorcerer for 2 turns
 25074 | Orc:2    | Entered Level 2 of the Orcish Mines
 25121 | Orc:2    | Noticed Rupert
 25131 | Orc:2    | Killed Rupert
 25178 | Orc:2    | Found a roughly hewn altar of Beogh.
 25595 | Orc:2    | Found a staircase to the Elven Halls.
 25692 | Orc:1    | Gained mutation: You have somewhat slow reflexes. (-3 EV) [Ru sacrifice]
 26116 | Orc:2    | Found Ysumooff's Food Shoppe.
 26238 | Orc:2    | Paralysed by an orc sorcerer for 5 turns
 27161 | Orc:2    | Reached skill level 5 in Spellcasting
 27385 | Orc:2    | Found Kyrr's Distillery.
 27392 | Orc:2    | Found Biatoif's Magic Scroll Shop.
 27394 | Orc:2    | Found Egod's Antique Weapon Shop.
 27403 | Orc:2    | Bought a scroll of blinking for 105 gold pieces
 27405 | Orc:2    | Bought a potion of heal wounds for 60 gold pieces
 27405 | Orc:2    | Bought a potion of curing for 36 gold pieces
 27405 | Orc:2    | Bought a potion of curing for 36 gold pieces
 27405 | Orc:2    | Bought 2 potions of heal wounds for 120 gold pieces
 27405 | Orc:2    | Bought a potion of haste for 120 gold pieces
 27405 | Orc:2    | Bought a potion of might for 48 gold pieces
 28454 | D:13     | Reached XP level 15. HP: 76/133 MP: 18/18
 28638 | D:13     | Found a gate to the Vaults.
 28677 | D:13     | Reached skill level 5 in Transmutations
 28686 | D:13     | Reached skill level 5 in Charms
 28686 | D:13     | Reached skill level 5 in Earth Magic
 29315 | D:14     | Gained mutation: You are hated by all. [Ru sacrifice]
 29315 | D:14     | Reached **** piety under Ru
 29315 | D:14     | Reached ***** piety under Ru
 29783 | D:15     | Entered Level 15 of the Dungeon
 29852 | D:15     | Found a frozen archway.
 29891 | IceCv    | Entered an ice cave
 30370 | IceCv    | Noticed a frost giant
 30376 | IceCv    | Killed a frost giant
 30693 | IceCv    | Gained mutation: You have very sharp teeth. [potion of beneficial mutation]
 30815 | D:15     | Found a staircase to the Depths.
 30879 | D:15     | Gained mutation: You take slightly more damage. (-3 AC) [Ru sacrifice]
 32963 | D:15     | Reached XP level 16. HP: 106/139 MP: 22/22
 33501 | Shoals:1 | Entered Level 1 of the Shoals
 33888 | Shoals:1 | Found Wysmim's Assorted Antiques.
 34048 | Shoals:1 | Got a fine glass ring
 34050 | Shoals:1 | Identified the ring of Sarifup {Wiz rC+ MP+9 Str-5} (You found it on level 1 of the Shoals)
 34124 | Shoals:1 | Learned a level 6 spell: Deflect Missiles
 34339 | Shoals:2 | Found Koeh's Jewellery Shop.
 36522 | Shoals:2 | Found a runed door.
 38598 | Shoals:3 | Reached skill level 10 in Transmutations
 39151 | Shoals:4 | Entered Level 4 of the Shoals
 39238 | Shoals:4 | Reached skill level 10 in Earth Magic
 39240 | Shoals:4 | Noticed Ilsuiw
 40197 | Shoals:3 | Reached skill level 10 in Spellcasting
 41456 | Shoals:3 | Reached XP level 17. HP: 102/146 MP: 24/24
 41834 | Shoals:3 | Gained mutation: You cannot be stealthy. [Ru sacrifice]
 43055 | Shoals:3 | Got a pitted iron ring
 43056 | Shoals:3 | Identified the ring of the Tortoise {rF+ MP+9 Int+4} (You took it off a merfolk impaler on level 3 of the Shoals)
 43349 | Shoals:3 | Killed Ilsuiw
 45408 | Shoals:4 | Got a barnacled rune of Zot
 47029 | Spider:1 | Entered Level 1 of the Spider Nest
 47746 | Spider:2 | Gained mutation: You are dopey. (Int -2) [Ru sacrifice]
 47746 | Spider:2 | Reached ****** piety under Ru
 47815 | Spider:2 | Noticed Kirke
 47831 | Spider:2 | Killed Kirke
 47831 | Spider:2 | Reached skill level 1 in Air Magic
 47911 | Spider:2 | Paralysed by a hornet for 4 turns
 48052 | Spider:2 | Reached skill level 15 in Unarmed Combat
 49325 | Spider:3 | Reached XP level 18. HP: 155/155 MP: 21/26
 49574 | Spider:3 | Learned a level 5 spell: Phase Shift
 49711 | Spider:4 | Entered Level 4 of the Spider Nest
 50635 | Spider:4 | Noticed Arachne
 50974 | Spider:4 | Killed Arachne
 50974 | Spider:4 | Reached skill level 5 in Air Magic
 51034 | Spider:4 | Reached skill level 16 in Unarmed Combat
 51268 | Spider:4 | Got a gossamer rune of Zot
 52135 | Vaults:1 | Entered Level 1 of the Vaults
 52229 | Vaults:1 | Paralysed by a great orb of eyes for 5 turns
 52259 | Vaults:1 | Noticed Aizul
 52271 | Vaults:1 | Killed Aizul
 53023 | Vaults:1 | Paralysed by a great orb of eyes for 7 turns
 53028 | Vaults:1 | HP: 1/205 [vault warden/bardiche (43)]
 53030 | Vaults:1 | Slain by a vault warden

Vault maps used:
D:1:      onia_arrival_mini_spirals, minmay_misc_feat_cross
D:2:      nicolae_ashenzari_panopticon, tso_metal_star
D:3:      nicolae_overflow_crystal_walls, first_bread
D:4:      wad_pebble_path, kennysheep_little_box, minmay_temple_entry_junction2,
          serial_shops, nicolae_shop_stone, uniq_robin, uniq_pikel,
          uniq_grinder, uniq_edmund
D:5:      lightli_sewer_entry_pipes, serial_shops, shop_statue,
          uniq_blork_the_orc, uniq_menkaure, uniq_crazy_yiuf_cottage
D:6:      kennysheep_mini, grunt_pakellas_basics, serial_shops,
          nicolae_shop_temple_entry_statues_fountains, basic_altar,
          fedhas_altar_3
D:8:      enter_bailey_3
D:9:      nicolae_ru_path_of_blood, minitemple, grunt_lair_entry_orc_guard_hut,
          serial_shops, shop_statue, hangedman_tree_tricks,
          minmay_misc_feat_rows, st_stairs_13
D:10:     minmay_variable_closet, uniq_grum
D:11:     serial_shops, shop
D:12:     erik_orc_4, serial_shops, shop, nicolae_alphabet_shops
D:13:     erik_vaults_2
D:15:     gammafunk_depths_entry_grave, roderic_digamma_sauvastika,
          portal_ice_cave_entry_imps, minivault_8
Temple:   minmay_temple_curvy_8
Lair:3:   spider_nest_entry_funnel_web, st_stairs_3, grunt_megastairs_1
Lair:4:   uniq_sonja
Lair:6:   minmay_shoals_entry_lonely_mermaid, lab_entry_generic
Lair:7:   nicolae_slime_entry_slimehenge, roderic_lost_polar_bear,
          lemuel_fruit_fields, grunt_megastairs_2, infiniplex_staircase_pool_2
Lair:8:   minmay_lair_end_frog_pond, lemuel_fruit_tree
Shoals:1: serial_shops, shop
Shoals:2: serial_shops, nicolae_shop_crystal, lightli_airlock
Shoals:4: shoals_end_grunt_ice, shoal_ilsuiw, nicolae_shoals_hunting_party
Spider:2: spider_trap, nicolae_crawler_farm, uniq_kirke
Spider:4: grunt_spider_rune_circles, nicolae_arachne_temple
Orc:2:    st_orc_elflike, kennysheep_orc_chapel, uniq_rupert
Vaults:1: nicolae_vaults_puzzle_piece, nicolae_vaults_murderbox,
          vaults_room_pools, nicolae_vaults_asterisk, hangedman_vaults_nails,
          v_misc_9, hangedman_vaults_stream, nicolae_vaults_three_branches,
          dpeg_vaults_monster_row, ontoclasm_vaults_twist, vaults_room_grid,
          v_misc_23, v_misc_23, uniq_aizul
Lab:      labyrinth_watery, labyrinth_fake_exit, nicolae_lab_t_cross,
          labyrinth_glass_1, nicolae_lab_diamond, lab_statue,
          nicolae_lab_big_swirl, nicolae_lab_flowing_pool,
          labyrinth_skeletal_remains
Sewer:    sewer_kobolds
Bailey:   bailey_polearm_4, bailey
IceCv:    ice_cave_small_giant

Action                   |  1- 3 |  4- 6 |  7- 9 | 10-12 | 13-15 | 16-18 || total
-------------------------+-------+-------+-------+-------+-------+-------++-------
Melee: Unarmed           |   111 |    43 |   307 |   602 |  1812 |  1838 ||  4713
 Cast: Magic Dart        |    11 |       |       |       |       |       ||    11
       Statue Form       |       |       |       |       |       |    54 ||    54
       Regeneration      |       |       |       |       |       |    11 ||    11
Invok: Sacrifice Experie |       |       |     1 |       |       |       ||     1
       Sacrifice Essence |       |       |       |     2 |       |       ||     2
       Reject Sacrifices |       |       |       |     1 |     1 |     1 ||     3
       Draw Out Power    |       |       |       |       |     5 |     2 ||     7
       Sacrifice Health  |       |       |       |       |     2 |       ||     2
       Sacrifice Purity  |       |       |       |       |     1 |     1 ||     2
       Apocalypse        |       |       |       |       |     2 |     9 ||    11
       Sacrifice Love    |       |       |       |       |     1 |       ||     1
       Sacrifice Stealth |       |       |       |       |       |     1 ||     1
 Abil: Breathe Steam     |       |       |    29 |   139 |    89 |    80 ||   337
Evoke: Wand              |       |       |       |     2 |       |    10 ||    12
  Use: Scroll            |       |     9 |     5 |    18 |     3 |     8 ||    43
       Potion            |       |     2 |       |     1 |     9 |    12 ||    24
 Stab: Sleeping          |     4 |       |     4 |     8 |     6 |     2 ||    24
       Distracted        |       |       |     1 |     4 |     8 |    13 ||    26
       Invisible         |       |       |       |     2 |    13 |    28 ||    43
       Paralysed         |       |       |       |       |     1 |    21 ||    22
  Eat: Chunk             |     4 |     2 |    22 |    48 |    58 |    99 ||   233
       Pizza             |       |       |       |     1 |     2 |       ||     3
       Fruit             |       |       |       |     1 |       |       ||     1
       Royal jelly       |       |       |       |       |     2 |       ||     2
